 Dungeon Crawl Stone Soup version 0.31-a0-180-g519b7de00c (webtiles) character file.

Game seed: 14521061496943732785

96 NogeeEf the Trooper (level 4, -4/48 HPs)
             Began as an Ogre Warper on May 24, 2023.
             Was a Follower of Cheibriados.
             Killed from afar by Ijyb (10 damage)
             ... with a puff of flame
             ... on level 3 of the Dungeon on June 19, 2023.
             The game lasted 00:08:17 (2339 turns).

NogeeEf the Trooper (Ogre Warper)                   Turns: 2339, Time: 00:08:17

Health: -4/48      AC:  3    Str: 20    XL:     4   Next: 67%
Magic:  8/8        EV: 10    Int: 17    God:    Cheibriados [*.....]
Gold:   119        SH:  0    Dex: 11    Spells: 9/9 levels left

rFire   . . .        a - +0 mace
rCold   . . .        (no shield)
rNeg    . . .        b - +0 robe
rPois   .            (helmet restricted)
rElec   .            (no cloak)
rCorr   .            (gloves unavailable)
SInv    .            (boots unavailable)
Will    .....        (no amulet)
Stlth   +            (no ring)
HPRegen 0.28/turn    (no ring)
MPRegen 0.11/turn

%: no passive effects
@: very slow
A: large, unfitting armour, tough skin 1
a: Renounce Religion, Bend Time


You were on level 3 of the Dungeon.
You worshipped Cheibriados.
Cheibriados was aware of your devotion.
You visited 1 branch of the dungeon, and saw 3 of its levels.

You collected 119 gold pieces.

Inventory:

Hand Weapons
 a - a +0 mace (weapon)
Missiles
 d - 7 boomerangs of dispersal (quivered)
Armour
 b - a +0 robe (worn)
Wands
 r - a wand of polymorph (7)
Scrolls
 c - a scroll of identify {unknown}
 f - 2 scrolls of vulnerability {unknown}
 g - 2 scrolls of amnesia {unknown}
 h - 4 scrolls of teleportation {unknown}
 i - a scroll of noise {unknown}
 n - a scroll of enchant armour {unknown}
 o - a scroll of summoning {unknown}
 q - a scroll of silence {unknown}
 s - 2 scrolls of poison {unknown}
 t - a scroll of brand weapon {unknown}
Potions
 e - a potion of brilliance {unknown}
 j - 4 potions of curing {unknown}
 k - a potion of heal wounds {unknown}
 l - a potion of invisibility {unknown}
 m - a potion of lignification {unknown}
 p - a potion of experience {unknown}
 u - 3 potions of magic {unknown}


   Skills:
 + Level 3.7 Fighting
 + Level 2.4 Maces & Flails
 - Level 1.0 Throwing
 + Level 2.7 Dodging
 + Level 3.2 Spellcasting
 + Level 3.1 Translocations


You had 9 spell levels left.
You didn't know any spells.
Your spell library contained the following spells:

 Spells                   Type           Power      Damage    Failure   Level
 Blink                    Tloc           26%        N/A       7%          2
 Lesser Beckoning         Tloc           26%        N/A       7%          2
 Teleport Other           Tloc           13%        N/A       14%         3
 Vhi's Electric Charge    Tloc/Air       16%        N/A       26%         3
 Manifold Assault         Tloc           13%        N/A       43%         4
 Storm Form               Tmut/Air       1%         N/A       100%        7


Dungeon Overview and Level Annotations

Branches:
Dungeon (3/15)

Altars:
Cheibriados

Annotations:
D:3 Ijyb


Innate Abilities, Weirdness & Mutations

You are too large for most types of armour.
You have tough skin. (AC +1)


Message History

Ijyb hits you with a +0 club.
You hit Ijyb but do no damage.
Ijyb is moderately wounded.
Ijyb zaps a wand.
The puff of flame hits you.
You hit Ijyb.
Ijyb is heavily wounded.
Ijyb barely misses you.
You are too injured to fight recklessly!
You are too injured to fight recklessly!
Save game and exit?
Level annotation: Ijyb Welcome back, NogeeEf the Ogre Warper.
Cheibriados says: Take it easy.
Press ? for a list of commands and other information.
You hit Ijyb.
Ijyb is heavily wounded.
Ijyb zaps a wand.
The puff of flame misses you. Ijyb closely misses you.
You closely miss Ijyb.
Ijyb is heavily wounded.
Ijyb hits you with a +0 club.
You hit Ijyb.
Ijyb is heavily wounded.
Ijyb closely misses you.
You closely miss Ijyb.
Ijyb is heavily wounded.
Ijyb zaps a wand.
The puff of flame hits you!
* * * LOW HITPOINT WARNING * * *
Ijyb zaps a wand.
The puff of flame hits you!
* * * LOW HITPOINT WARNING * * *
Aiming: Polymorph
Press: ? - help, Shift-Dir - straight line, f - Ijyb
Aim: Ijyb, wielding a +0 club, wearing a +1 chain mail of poison resistance and carrying a wand of flame (7) (heavily wounded, will become a quokka, a bat, or a hound, chance to affect: 57%)
Okay, then.
Aiming: Polymorph
Press: ? - help, Shift-Dir - straight line, f - Ijyb
Aim: Ijyb, wielding a +0 club, wearing a +1 chain mail of poison resistance and carrying a wand of flame (7) (heavily wounded, will become a quokka, a bat, or a hound, chance to affect: 57%) Ijyb resists with significant effort.
Ijyb zaps a wand.
The puff of flame misses you.
Ijyb zaps a wand.
The puff of flame hits you!
You die...

...)...##.........
......###..## #..#
.[.........####..#
.............>#..# .
......#####(#....#####.#
......## #.###..#.....
.......# #....g....#
.....#.# #.........#
.....#..# #.....@.>.#
##.#.##..##.........#
...#..##.######.....#
............ ......#
....###..### ##.....#
....# ### #.....# ....#
#.....# ....# #.....#
....#


You could see Ijyb.

Vanquished Creatures
  3 adders (D:2)
  A shadow imp (D:3)
  A worm (D:2)
  3 dart slugs
  An orc (D:3)
  6 ball pythons
  8 bats
  4 endoplasms
  2 giant cockroaches (D:1)
  2 goblins
  7 hobgoblins
  2 jackals (D:2)
  3 kobolds
  3 quokkas
  2 frilled lizards
  A rat (D:1)
49 creatures vanquished.

Notes
Turn   | Place    | Note
-------+----------+-------------------------------------------
     0 | D:1      | NogeeEf the Ogre Warper began the quest for the Orb.
     0 | D:1      | Reached XP level 1. HP: 22/22 MP: 3/3
   176 | D:1      | Reached XP level 2. HP: 26/31 MP: 5/5
   508 | D:1      | Reached XP level 3. HP: 27/37 MP: 7/7
  1413 | D:2      | Reached XP level 4. HP: 39/45 MP: 8/8
  1467 | D:2      | Found a faded altar of an unknown god.
  1471 | D:2      | Prayed at the altar of an unknown god.
  1471 | D:2      | Became a worshipper of Cheibriados the Contemplative
  1471 | D:2      | Reached * piety under Cheibriados
  2325 | D:3      | Noticed Ijyb
  2334 | D:3      | Upgraded the game from 0.31-a0-75-g6fe912e8c5 to
                  | 0.31-a0-180-g519b7de00c
  2339 | D:3      | Killed from afar by Ijyb

Illustrated notes

Levels and vault maps discovered:
D:1:      dpeg_arrival_shelter, layout_loops_cross, minmay_tetromino_s4
D:2:      layout_loops_ring, shapermc_ecumenical_altar_mp_vishouse
D:3:      layout_rooms, uniq_ijyb

Skill      XL: |  1  2  3 |
---------------+----------+-----
Fighting       | 3 |  3.7
Maces & Flails | 2 |  2.4
Translocations | 3 |  3.1
Spellcasting   | 3 |  3.2
Throwing       | |  1.0
Dodging        | |  2.7

Action                     |  1- 3 |  4- 6 || total
---------------------------+-------+-------++-------
  Melee: Mace              |   131 |    81 ||   212
         Punch             |       |     1 ||     1
  Evoke: Wand              |       |     1 ||     1
    Use: Scroll            |       |     1 ||     1
   Stab: Sleeping          |     2 |       ||     2
 Armour: Robe              |    49 |    26 ||    75
  Dodge: Dodged            |    89 |    55 ||   144

Table legend: (Time is in decaauts)
 A = Elapsed time spent in this place.
 B = Non-inter-level travel time spent in this place.
 C = Inter-level travel time spent in this place.
 D = Time resting spent in this place.
 E = Time spent auto-exploring this place.
 F = Levels seen in this place.
 G = Mean time per level.
                   A        B        C        D        E       F      G
               +--------+--------+--------+--------+--------+-----+--------+
         Total |   2592 |   2489 |    103 |    353 |   1373 |   3 |  864.0 |
       Dungeon |   2592 |   2489 |    103 |    353 |   1373 |   3 |  864.0 |
               +--------+--------+--------+--------+--------+-----+--------+

Top non-repeatable levels by time:
     D:2: 1098 daAuts
     D:1: 946 daAuts
     D:3: 547 daAuts
